 Dungeon Crawl Stone Soup version 0.30-a0-585-g93115170b9 (webtiles) character file.

Game seed: 17314750586560257884

274 bmack86 the Chopper (level 6, -8/55 HPs)
             Began as a Minotaur Fighter on Jan 2, 2023.
             Mangled by Pikel
             ... wielding a +0 whip of electrocution
              (20 damage)
             ... on level 4 of the Dungeon.
             The game lasted 00:05:50 (3162 turns).

bmack86 the Chopper (Minotaur Fighter)              Turns: 3162, Time: 00:05:51

Health: -8/55      AC:  9    Str: 22    XL:     6   Next: 3%
Magic:  5/5        EV:  7    Int:  5    God:
Gold:   147        SH:  4    Dex: 10    Spells: 5/5 levels left

rFire   . . .      SeeInvis +    a - +0 war axe
rCold   . . .      Faith    .    c - +0 buckler
rNeg    . . .      Spirit   .    l - +0 chain mail
rPois   .          Reflect  .    (helmet restricted)
rElec   .          Harm     .    (no cloak)
rCorr   .          Rampage  .    (no gloves)
Will    .....                    (no boots) Stlth
                                 (no amulet)
HPRegen 0.29/turn                h - ring of see invisible
MPRegen 0.09/turn                (no ring)

@: mighty
A: horns 2, retaliatory headbutt
a: no special abilities


You were on level 4 of the Dungeon.
You visited 1 branch of the dungeon, and saw 4 of its levels.

You collected 147 gold pieces.

Inventory:

Hand Weapons
 a - a +0 war axe (weapon)
Missiles
 e - 6 poisoned darts (quivered)
 m - 3 boomerangs
Armour
 b - a +0 scale mail
 c - a +0 buckler (worn)
 l - a +0 chain mail (worn)
Jewellery
 h - a ring of see invisible (left hand)
Scrolls
 o - a scroll of identify
Potions
 d - 3 potions of might
 f - 2 potions of attraction
 g - a potion of curing
 i - a potion of mutation
 j - 3 potions of heal wounds
 k - a potion of magic
 n - a potion of flight


   Skills:
 + Level 4.8 Fighting
 * Level 4.8 Axes
 + Level 1.7 Throwing
 + Level 4.7 Armour
 + Level 4.7 Shields


You had 5 spell levels left.
You didn't know any spells.
Your spell library contained the following spells:

 Spells                   Type           Power      Damage    Failure   Level
 Sting                    Tmut/Pois      0%         1d3       99%         1
 Poisonous Vapours        Pois/Air       0%         N/A       100%        2
 Ozocubu's Armour         Ice            0%         N/A       100%        3
 Olgreb's Toxic Radiance  Pois           0%         N/A       100%        4
 Ozocubu's Refrigeration  Ice            0%         4d7       100%        7


Dungeon Overview and Level Annotations

Branches:
Dungeon (4/15)
 Temple: D:4-7

Altars:
Hepliaklqana
Zin

Annotations:
D:4 Menkaure, Pikel


Innate Abilities, Weirdness & Mutations

You have a pair of horns on your head.
You reflexively headbutt those who attack you in melee.


Message History

Pikel says, "Asmodeus and me are pals.
He gave me this whip."
You closely miss the lemure. Your headbutt misses the lemure.
The lemure is moderately wounded.
The lemure barely misses you.
You hit the lemure but do no damage.
The lemure is moderately wounded.
The lemure hits you. You block the lemure's attack.
Sorry, you're not good enough to have a special ability.
You feel very mighty all of a sudden. The lemure hits you but does no damage.
You closely miss the lemure.
The lemure is moderately wounded.
The lemure hits you.
You barely miss the lemure. You headbutt the lemure.
The lemure is severely wounded.
Menkaure grins.
The lemure barely misses you.
You closely miss the lemure. Your headbutt misses the lemure.
The lemure is severely wounded.
You block the lemure's attack. The lemure hits you but does no damage.
You slash the lemure!
The lemure is almost dead.
The lemure hits you.
You barely miss the lemure. You headbutt the lemure.
You kill the lemure!
That felt strangely unrewarding.
The ball python completely misses you. You block the ball python's attack.
You slash the ball python!
You kill the ball python!
You hit Pikel but do no damage.
Pikel is heavily wounded.
Pikel hits you with a +0 whip of electrocution. x2
* * * LOW HITPOINT WARNING * * *
You barely miss Pikel.
Pikel is moderately wounded.
Pikel hits you but does no damage.
You hit Pikel.
Pikel is heavily wounded.
Pikel hits you but does no damage.
You are electrocuted!!
You die...

#.##......# #.##.##...#
#.....#.### #######.#
###### #.# #....# #.# .
#.##.# #†#
....####.##.###.########
...555K@.##.##.)........
...M#######.#.......)..[
. #...>##..........
#.###............
#.###.#..........
#.....#..........
#######..........
#.......... #..........


You could see Pikel, 3 lemures and Menkaure (fast).

Vanquished Creatures
  Sigmund (D:4)
  A lemure (D:4)
  An adder (D:3)
  4 gnolls (D:4)
  A dart slug (D:3)
  7 orcs (D:3)
  3 ball pythons
  4 endoplasms
  A giant cockroach (D:2)
  4 goblins
  4 hobgoblins (D:1)
  3 jackals (D:1)
  4 quokkas
  10 bats
  3 frilled lizards
  6 kobolds
  3 rats (D:1)
60 creatures vanquished.

Notes
Turn   | Place    | Note
-------+----------+-------------------------------------------
     0 | D:1      | bmack86 the Minotaur Fighter began the quest for the Orb.
     0 | D:1      | Reached XP level 1. HP: 19/19 MP: 0/0
   255 | D:1      | Reached XP level 2. HP: 27/27 MP: 1/1
   792 | D:1      | Reached XP level 3. HP: 33/33 MP: 2/2
  2250 | D:3      | Found a glowing silver altar of Zin.
  2408 | D:3      | Reached XP level 4. HP: 33/40 MP: 3/3
  2633 | D:3      | Found a hazy altar of Hepliaklqana.
  2783 | D:4      | Reached skill level 1 in Throwing
  2935 | D:4      | Noticed Sigmund
  2954 | D:4      | Killed Sigmund
  2955 | D:4      | Reached XP level 5. HP: 11/47 MP: 4/4
  2955 | D:4      | Reached XP level 6. HP: 13/55 MP: 5/5
  3144 | D:4      | Noticed Pikel
  3147 | D:4      | Noticed Menkaure
  3162 | D:4      | Mangled by Pikel

Illustrated notes

Levels and vault maps discovered:
D:1:      minmay_arrival_diagonal_passages, layout_basic
D:2:      layout_basic, minmay_tetromino_s2
D:3:      layout_basic, zin_treasury, nicolae_hepliaklqana_hippocampus
D:4:      layout_basic, uniq_sigmund, uniq_grinder, uniq_blork_the_orc,
          uniq_menkaure, uniq_pikel

Skill      XL: |  1  2  3  4 |
---------------+-------------+-----
Axes           | 3 4 |  4.8
Armour         | 4 |  4.7
Shields        | 4 |  4.7
Fighting       | 4 |  4.8
Throwing       | 1 |  1.7

Action                   |  1- 3 |  4- 6 || total
-------------------------+-------+-------++-------
Melee: War axe           |   101 |    35 ||   136
       Headbutt          |     8 |     5 ||    13
Throw: Dart              |       |     5 ||     5
  Use: Scroll            |     4 |     6 ||    10
       Potion            |       |     2 ||     2
Armor: Scale mail        |    72 |       ||    72
       Chain mail        |    12 |    14 ||    26
Dodge: Dodged            |    61 |     9 ||    70
Block: Buckler           |    21 |     8 ||    29

Table legend: (Time is in decaauts)
 A = Elapsed time spent in this place.
 B = Non-inter-level travel time spent in this place.
 C = Inter-level travel time spent in this place.
 D = Time resting spent in this place.
 E = Time spent auto-exploring this place.
 F = Levels seen in this place.
 G = Mean time per level.
                   A        B        C        D        E       F      G
               +--------+--------+--------+--------+--------+-----+--------+
         Total |   3210 |   3139 |     71 |    260 |   2138 |   4 |  802.5 |
       Dungeon |   3210 |   3139 |     71 |    260 |   2138 |   4 |  802.5 |
               +--------+--------+--------+--------+--------+-----+--------+

Top non-repeatable levels by time:
     D:1: 997 daAuts
     D:3: 996 daAuts
     D:2: 772 daAuts
     D:4: 444 daAuts
